 Dungeon Crawl Stone Soup version 0.28.0-45-g0d030f2227 (webtiles) character file.

Game seed: 10273779992018500601

1016 101zpm the Gusty (level 8, 0/58 HPs)
             Began as a Gnoll Air Elementalist on Apr 22, 2022.
             Was an Initiate of Sif Muna.
             Slain by a mummy (9 damage)
             ... in an ossuary.
             The game lasted 00:21:10 (6583 turns).

101zpm the Gusty (Gnoll Air Elementalist)           Turns: 6583, Time: 00:21:11

Health: 0/58       AC:  2    Str:  4 (7)  XL:     8   Next: 21%
Magic:  16/16      EV: 17    Int: 15 (17) God:    Sif Muna [......]
Gold:   214        SH:  0    Dex: 11 (13) Spells: 5/18 levels left

rFire   . . .      SeeInvis .   r - +2 dagger (holy)
rCold   . . .      Faith    .   (no shield)
rNeg    . . .      Spirit   .   a - +0 robe
rPois   .          Reflect  .   (no helmet)
rElec   .          Harm     .   (no cloak)
rCorr   .          Rampage  .   (no gloves)
Will    .....                   (no boots)
Stlth   +++.......              (no amulet)
HPRegen 0.19/turn               d - +4 ring of evasion
MPRegen 0.15/turn               (no ring)

@: no status effects
A: fangs 1, strong nose, distributed training
a: Renounce Religion


You were in an ossuary.
You worshipped Sif Muna.
Sif Muna was noncommittal.
You visited 2 branches of the dungeon, and saw 7 of its levels.
You also visited: Ossuary.

You collected 214 gold pieces.

Inventory:

Hand Weapons
 r - a +2 dagger of holy wrath (weapon)
 B - the +10 great mace "Enoirog" {flame, Int+4}
   (You found it on level 6 of the Dungeon)

   It burns those it strikes, dealing additional fire damage.
   Int:       It affects your intelligence (+4).
Armour
 a - a +0 robe (worn)
Magical Staves
 v - a staff of air
Jewellery
 d - a +4 ring of evasion (left hand)
 C - an amulet of faith
Wands
 l - a wand of iceblast (8)
 s - a wand of flame (10)
 A - a wand of paralysis (6)
Scrolls
 b - a scroll of identify
 c - 2 scrolls of noise
 i - a scroll of amnesia {unknown}
 k - 3 scrolls of blinking
 m - a scroll of fear {unknown}
 o - 2 scrolls of enchant armour {unknown}
 p - 3 scrolls of teleportation {unknown}
 u - a scroll of torment {unknown}
 w - a scroll of vulnerability {unknown}
 y - a scroll of magic mapping
Potions
 e - 2 potions of degeneration
 f - 2 potions of heal wounds {unknown}
 g - a potion of lignification {unknown}
 h - 2 potions of ambrosia
 j - 2 potions of mutation {unknown}
 n - a potion of invisibility {unknown}
 q - a potion of haste {unknown}
 t - a potion of resistance {unknown}
 x - a potion of attraction {unknown}
 z - 2 potions of brilliance {unknown}


   Skills:
 + Level 3.1 Fighting
 + Level 3.1 Short Blades
 + Level 3.1 Long Blades
 + Level 3.1 Axes
 + Level 3.1 Maces & Flails
 + Level 3.1 Polearms
 + Level 3.1 Staves
 + Level 3.1 Slings
 + Level 3.1 Bows
 + Level 3.1 Crossbows
 + Level 3.1 Throwing
 + Level 3.1 Armour
 + Level 5.5 Dodging
 + Level 5.2 Stealth
 + Level 3.1 Shields
 + Level 3.1 Unarmed Combat
 + Level 5.9 Spellcasting
 + Level 3.3 Conjurations
 + Level 2.5 Hexes
 + Level 2.5 Summonings
 + Level 2.5 Necromancy
 + Level 2.5 Translocations
 + Level 2.5 Transmutations
 + Level 2.5 Fire Magic
 + Level 2.5 Ice Magic
 + Level 6.0 Air Magic
 + Level 2.5 Earth Magic
 + Level 2.5 Poison Magic
 + Level 3.4 Invocations
 + Level 3.1 Evocations


You had 5 spell levels left.
You knew the following spells:

 Your Spells              Type           Power      Damage    Failure   Level
a - Shock                 Conj/Air       72%        1d7       2%          1
b - Airstrike             Air            11%        N/A       12%         4
c - Swiftness             Air            22%        N/A       3%          3
d - Static Discharge      Conj/Air       18%        N/A       3%          2
e - Mephitic Cloud        Conj/Pois/Air  16%        N/A       9%          3

Your spell library contained the following spells:

 Spells                   Type           Power      Damage    Failure   Level
 Magic Dart               Conj           56%        1d5       3%          1
 Call Imp                 Summ           11%        N/A       9%          2


Dungeon Overview and Level Annotations

Branches:
Dungeon (6/15)             Temple (1/1) D:5         Ossuary (1/1)

Altars:
Ashenzari
Cheibriados
Dithmenos
Elyvilon
Fedhas
Gozag
Hepliaklqana
Kikubaaqudgha
Makhleb
Nemelex Xobeh
Okawaru
Qazlal
Ru
Sif Muna
Vehumet
Wu Jian
Xom
Yredelemnul
Zin
The Shining One

Shops:
D:5 :

Annotations:
D:5 2 transporters, Ablot's ghost, amateur GnCK; Pikel


Innate Abilities, Weirdness & Mutations

You have very sharp teeth.
Your uncanny sense of smell can sniff out nearby items.
Your experience applies equally to all skills.


Message History

The mummy is severely damaged.
The mummy misses you.
You closely miss the mummy.
The mummy is severely damaged.
The mummy misses you.
A mummy comes into view.
It was a potion of degeneration.
There was something very wrong with that liquid.
You feel weakened.
You feel dopey.
You feel clumsy.
It was a potion of ambrosia.
You are confused.
You feel invigorated.
A mummy comes into view.
You feel less invigorated.
You feel less confused.
A mummy comes into view.
The hobgoblin zombie misses you. The mummy closely misses you.
A mummy comes into view.
You hit the mummy.
The mummy convulses.
The mummy is moderately damaged.
The mummy completely misses you.
You hit the mummy.
The mummy convulses.
The mummy is heavily damaged.
The hobgoblin zombie hits you.
* * * LOW HITPOINT WARNING * * *
The mummy hits you but does no damage.
You hit the mummy.
The mummy convulses.
Your bite misses the mummy.
The mummy is severely damaged.
The mummy completely misses you.
You hit the mummy but do no damage. You bite the mummy, but do no damage.
The mummy is severely damaged.
The hobgoblin zombie barely misses you. The mummy hits you!
* * * LOW HITPOINT WARNING * * *
You hit the mummy.
The mummy convulses.
You destroy the mummy!
Sif Muna accepts your kill. The mummy misses you. The mummy hits you!
You die...

################
##....M..M.MZZ..##
#.....@####MM....##
#......##..##MM....#
#.....##....##.....#
#..................#
##................##
##..............##
#+ #........##+#
#......## ##....##


You could see 3 mummies and 2 hobgoblin zombies.

Vanquished Creatures
  An ice beast (D:5)
  An ogre (D:6)
  A centaur (D:5)
  A lemure (D:4)
  A phantom (D:5)
  2 bullfrogs
  2 scorpions (D:5)
  A centaur zombie (D:6)
  3 hounds
  Ijyb (D:3)
  Natasha (thrice) (D:4)
  An orc wizard (D:3)
  A mummy (Ossuary)
  8 adders
  An adder skeleton (D:4)
  2 worms
  A dart slug (D:1)
  9 orcs
  4 ball pythons
  8 endoplasms
  6 giant cockroaches
  3 gnoll zombies (Ossuary)
  10 goblins
  6 hobgoblins
  7 jackals (D:1)
  8 quokkas
  4 bats
  2 frilled lizards
  8 kobolds
  A kobold zombie (Ossuary)
  2 orc zombies (Ossuary)
  5 rats
114 creatures vanquished.

Vanquished Creatures (others)
  10 plants (D:6)
  2 withered plants (D:3)
12 creatures vanquished.

Grand Total: 126 creatures vanquished

Notes
Turn   | Place    | Note
-------+----------+-------------------------------------------
     0 | D:1      | 101zpm the Gnoll Air Elementalist began the quest for the
                  | Orb.
     0 | D:1      | Reached XP level 1. HP: 13/13 MP: 6/6
   112 | D:1      | Reached XP level 2. HP: 19/19 MP: 4/7
   578 | D:1      | Reached XP level 3. HP: 25/25 MP: 3/9
   695 | D:1      | Reached skill level 5 in Spellcasting
  1194 | D:2      | Reached skill level 1 in Invocations
  1371 | D:2      | Reached skill level 1 in Fighting
  1371 | D:2      | Reached skill level 1 in Short Blades
  1371 | D:2      | Reached skill level 1 in Long Blades
  1371 | D:2      | Reached skill level 1 in Axes
  1371 | D:2      | Reached skill level 1 in Maces & Flails
  1371 | D:2      | Reached skill level 1 in Polearms
  1371 | D:2      | Reached skill level 1 in Staves
  1371 | D:2      | Reached skill level 1 in Slings
  1371 | D:2      | Reached skill level 1 in Bows
  1371 | D:2      | Reached skill level 1 in Crossbows
  1371 | D:2      | Reached skill level 1 in Throwing
  1371 | D:2      | Reached skill level 1 in Armour
  1371 | D:2      | Reached skill level 1 in Shields
  1371 | D:2      | Reached skill level 1 in Unarmed Combat
  1371 | D:2      | Reached skill level 1 in Evocations
  1663 | D:2      | Reached XP level 4. HP: 32/32 MP: 7/11
  2172 | D:2      | Learned a level 4 spell: Airstrike
  2176 | D:2      | Learned a level 3 spell: Swiftness
  2179 | D:2      | Learned a level 2 spell: Static Discharge
  2217 | D:3      | Reached skill level 1 in Hexes
  2217 | D:3      | Reached skill level 1 in Summonings
  2217 | D:3      | Reached skill level 1 in Necromancy
  2217 | D:3      | Reached skill level 1 in Translocations
  2217 | D:3      | Reached skill level 1 in Transmutations
  2217 | D:3      | Reached skill level 1 in Fire Magic
  2217 | D:3      | Reached skill level 1 in Ice Magic
  2217 | D:3      | Reached skill level 1 in Earth Magic
  2217 | D:3      | Reached skill level 1 in Poison Magic
  2334 | D:3      | Learned a level 3 spell: Mephitic Cloud
  2337 | D:3      | Noticed Ijyb
  2579 | D:3      | Killed Ijyb
  2580 | D:3      | Reached XP level 5. HP: 32/37 MP: 3/12
  3232 | D:3      | Found an ancient bone altar of Kikubaaqudgha.
  3752 | D:4      | Noticed Natasha
  3756 | D:4      | Killed Natasha
  3894 | D:4      | Reached XP level 6. HP: 44/44 MP: 10/13
  3955 | D:4      | Noticed Natasha
  3958 | D:4      | Killed Natasha
  4077 | D:5      | Entered Level 5 of the Dungeon
  4085 | D:5      | Reached skill level 5 in Dodging
  4167 | D:5      | Reached XP level 7. HP: 50/50 MP: 5/15
  4763 | D:4      | Noticed Natasha
  4766 | D:4      | Killed Natasha
  4826 | D:4      | Reached skill level 5 in Stealth
  5438 | D:5      | Found Luf Beca's Self-Improvement Boutique.
  5580 | D:5      | Found a transporter.
  5660 | D:5      | Found a transporter.
  5660 | D:5      | Noticed Ablot's ghost (amateur GnCK)
  5723 | D:5      | Reached skill level 6 in Air Magic
  5723 | D:5      | Reached XP level 8. HP: 56/57 MP: 10/16
  5938 | D:5      | Found a staircase to the Ecumenical Temple.
  5954 | Temple   | Entered the Ecumenical Temple
  6157 | Temple   | Became a worshipper of Sif Muna the Loreminder
  6210 | D:5      | Noticed Pikel
  6466 | D:6      | Identified the +10 great mace "Enoirog" {flame, Int+4}
  6476 | D:6      | Found a sand-covered staircase.
  6485 | Ossuary  | Entered an ossuary
  6583 | Ossuary  | Slain by a mummy

Illustrated notes

Levels and vault maps discovered:
D:1:      amcnicky_arrival_feature_with_door, layout_loops_cross, serial_glass,
          glass_columns_a, glass_columns_a, glass_columns_c, glass_columns_b,
          glass_columns_c, glass_columns_b, glass_columns_c, glass_columns_a,
          glass_columns_a, glass_columns_b, glass_columns_b, glass_columns_c,
          glass_columns_b, glass_columns_a, minmay_tetromino_t4
D:2:      layout_basic
D:3:      layout_basic, kiku_gazebo_garden_becter, minivault_5,
          grunt_ministairs_3, minmay_goblin_outpost, uniq_ijyb
D:4:      layout_basic, kennysheep_small_spiral, minmay_strange_pillars,
          uniq_natasha
D:5:      layout_basic, minmay_temple_entry_mist, gammafunk_ghost_mausoleum,
          nicolae_shop_self_help, uniq_pikel
D:6:      layout_cave_pools, chequers_ossuary_entry_cave, eino_tiny_chamber,
          serial_bayou_lagoon_b, uniq_blork_the_orc, uniq_maggie, uniq_eustachio
Temple:   mainiacjoe_temple_bowtie_tessellation
Ossuary:  ossuary_tomb_3

Skill      XL: |  1  2  3  4  5  6  7  8 |
---------------+-------------------------+-----
Conjurations   | 2 3 |  3.3
Spellcasting   | 5 |  5.9
Invocations    | 1 2 3 |  3.4
Fighting       | 1 2 3 |  3.1
Short Blades   | 1 2 3 |  3.1
Long Blades    | 1 2 3 |  3.1
Axes           | 1 2 3 |  3.1
Maces & Flails | 1 2 3 |  3.1
Polearms       | 1 2 3 |  3.1
Staves         | 1 2 3 |  3.1
Slings         | 1 2 3 |  3.1
Bows           | 1 2 3 |  3.1
Crossbows      | 1 2 3 |  3.1
Throwing       | 1 2 3 |  3.1
Armour         | 1 2 3 |  3.1
Shields        | 1 2 3 |  3.1
Unarmed Combat | 1 2 3 |  3.1
Evocations     | 1 2 3 |  3.1
Hexes          | 1 2 |  2.5
Summonings     | 1 2 |  2.5
Necromancy     | 1 2 |  2.5
Translocations | 1 2 |  2.5
Transmutations | 1 2 |  2.5
Fire Magic     | 1 2 |  2.5
Ice Magic      | 1 2 |  2.5
Earth Magic    | 1 2 |  2.5
Poison Magic   | 1 2 |  2.5
Dodging        | 5 |  5.5
Stealth        | 5 |  5.2
Air Magic      | 6 |  6.0

Action                   |  1- 3 |  4- 6 |  7- 9 || total
-------------------------+-------+-------+-------++-------
Melee: Unarmed           |     7 |       |       ||     7
       Dagger            |       |       |    54 ||    54
       Bite              |       |       |    13 ||    13
       Punch             |       |       |     5 ||     5
 Cast: Shock             |    77 |   122 |    44 ||   243
       Mephitic Cloud    |       |     1 |       ||     1
       Airstrike         |       |     2 |    10 ||    12
       Static Discharge  |       |       |     7 ||     7
  Use: Scroll            |       |       |     4 ||     4
       Potion            |       |       |     2 ||     2
Armor: Robe              |       |       |     7 ||     7
Dodge: Dodged            |    17 |    11 |    52 ||    80
